TOP OF THE 1ST |
Albuquerque Dukes batting - Pitching for El Paso Sun Kings : RHP Grady Warren
|
Pitching: RHP Grady Warren
|
|
Batting: LHB Andres Romero
|
0-0: Ball 1-0: Foul Ball, location: 2F 1-1: Swinging Strike 1-2: Foul Ball, location: 2F 1-2: Foul Ball, location: 2F 1-2: Ball 2-2: Foul Ball, location: 2F 2-2: Foul Ball, location: 2F 2-2: Ball 3-2: Base on Balls
|
Batting: RHB Steven Patterson
|
0-0: Called Strike 0-1: Ball 1-1: Called Strike 1-2: Foul Ball, location: 2F 1-2: Foul Ball, location: 2F 1-2: Ball 2-2: Ball 3-2: Foul Ball, location: 2F 3-2: Strikes out swinging Andres Romero is caught stealing 2nd base 2-4 Batter strikes out.
|
Batting: LHB Dave Yobs
|
0-0: Ball 1-0: Swinging Strike 1-1: Foul Ball, location: 2F 1-2: Ball 2-2: Strikes out swinging
|
Top of the 1st over - 0 runs, 0 hits, 0 errors, 0 left on base; Albuquerque 0 - El Paso 0 |
BOTTOM OF THE 1ST |
El Paso Sun Kings batting - Pitching for Albuquerque Dukes : LHP Craig Henderson
|
Pitching: LHP Craig Henderson
|
|
Batting: LHB Stanley Hendrickson
|
0-0: Foul Ball, location: 2F 0-1: Ball 1-1: Ball 2-1: Called Strike 2-2: Foul Ball, location: 2F 2-2: Fly out, F6 (Popup, 6S, EV 84.4 MPH)
|
Batting: RHB Danny Ramires
|
0-0: Ball 1-0: Called Strike 1-1: Foul Ball, location: 2F 1-2: SINGLE (Groundball, 56D, EV 98.8 MPH)
|
Batting: RHB Chuckie Canady
|
0-0: Ball 1-0: Ball 2-0: Ball 3-0: Called Strike 3-1: Foul Ball, location: 2F 3-2: Base on Balls Danny Ramires to second
|
Batting: RHB Jimmy Waugh
|
0-0: Ball 1-0: Ball 2-0: Called Strike Danny Ramires steals 3rd base Chuckie Canady to second 2-1: Foul Ball, location: 2F 2-2: Foul Ball, location: 2F 2-2: Foul Ball, location: 2F 2-2: Fly out, F8 (Flyball, 8LD, EV 96.9 MPH) Runner from 3rd tags up, SCORES, no throw by CF
|
Batting: RHB Jon Hansen
|
0-0: Ball 1-0: Called Strike 1-1: Foul Ball, location: 2F 1-2: Foul Ball, location: 2F 1-2: Strikes out looking
|
Bottom of the 1st over - 1 run, 1 hit, 0 errors, 1 left on base; Albuquerque 0 - El Paso 1 |
TOP OF THE 2ND |
Albuquerque Dukes batting - Pitching for El Paso Sun Kings : RHP Grady Warren
|
Batting: RHB James Oros
|
0-0: Ball 1-0: Called Strike 1-1: Foul Ball, location: 2F 1-2: SOLO HOME RUN (Flyball, 8LXD, EV 92.5 MPH), Distance : 422 ft
|
Batting: LHB Matthew Henderson
|
0-0: SINGLE (Flyball, 6MD, EV 91.9 MPH)
|
Batting: RHB Mark Maher
|
0-0: Called Strike 0-1: SINGLE (Flyball, 8RS, EV 85.6 MPH) Matthew Henderson to second
|
Batting: LHB John Elder
|
0-0: Ball 1-0: Called Strike 1-1: Foul Ball, location: 2F 1-2: Ball 2-2: Foul Ball, location: 2F 2-2: Strikes out looking
|
Batting: RHB Kevin Harvey
|
0-0: Ball 1-0: Called Strike 1-1: SINGLE (Groundball, 56S, EV 65.6 MPH) (infield hit) Matthew Henderson to third Mark Maher to second
|
Batting: LHB Sal Rende
|
0-0: Grounds into double play, 5-4-3 (Groundball, 25, EV 80.0 MPH)
|
Top of the 2nd over - 1 run, 4 hits, 0 errors, 2 left on base; Albuquerque 1 - El Paso 1 |
BOTTOM OF THE 2ND |
El Paso Sun Kings batting - Pitching for Albuquerque Dukes : LHP Craig Henderson
|
Batting: SHB Keith Thrower
|
0-0: Called Strike 0-1: Ball 1-1: Ball 2-1: Swinging Strike 2-2: Foul Ball, location: 2F 2-2: Ground out U3 (Groundball, 3, EV 83.1 MPH)
|
Batting: RHB Michael Hanson
|
0-0: Swinging Strike 0-1: Called Strike 0-2: Strikes out swinging
|
Batting: RHB Carlos Rios
|
0-0: SINGLE (Line Drive, 8RS, EV 100.0 MPH)
|
Batting: RHB Christopher Hudson
|
0-0: Ball 1-0: Ball 2-0: Called Strike 2-1: Foul Ball, location: 2F 2-2: Fly out, F8 (Flyball, 89D, EV 99.4 MPH)
|
Bottom of the 2nd over - 0 runs, 1 hit, 0 errors, 1 left on base; Albuquerque 1 - El Paso 1 |
TOP OF THE 3RD |
Albuquerque Dukes batting - Pitching for El Paso Sun Kings : RHP Grady Warren
|
Batting: LHB Andres Romero
|
0-0: Swinging Strike 0-1: Ball 1-1: Swinging Strike 1-2: Foul Ball, location: 2F 1-2: Ball 2-2: Strikes out swinging
|
Batting: RHB Steven Patterson
|
0-0: Called Strike 0-1: Ball 1-1: Called Strike 1-2: Foul Ball, location: 2F 1-2: Ball 2-2: Foul Ball, location: 2F 2-2: Ball 3-2: Base on Balls
|
Batting: LHB Dave Yobs
|
0-0: Called Strike 0-1: Swinging Strike 0-2: Ball 1-2: Strikes out swinging
|
Batting: RHB James Oros
|
0-0: Ball 1-0: Ball 2-0: Ball 3-0: Base on Balls Steven Patterson to second
|
Batting: LHB Matthew Henderson
|
0-0: Ball 1-0: Swinging Strike 1-1: Ball 2-1: Ball 3-1: Called Strike 3-2: Strikes out looking
|
Top of the 3rd over - 0 runs, 0 hits, 0 errors, 2 left on base; Albuquerque 1 - El Paso 1 |
BOTTOM OF THE 3RD |
El Paso Sun Kings batting - Pitching for Albuquerque Dukes : LHP Craig Henderson
|
Batting: LHB Stanley Hendrickson
|
0-0: Foul Ball, location: 2F 0-1: Ball 1-1: Foul Ball, location: 2F 1-2: Strikes out swinging
|
Batting: RHB Danny Ramires
|
0-0: Ball 1-0: Ground out 5-3 (Groundball, 56, EV 100.6 MPH)
|
Batting: RHB Chuckie Canady
|
0-0: Foul Ball, location: 2F 0-1: Ball 1-1: Ball 2-1: Ball 3-1: Foul Ball, location: 2F 3-2: Base on Balls
|
Batting: RHB Jimmy Waugh
|
0-0: Called Strike 0-1: Ball 1-1: Ball Chuckie Canady is caught stealing 2nd base 2-4
|
Bottom of the 3rd over - 0 runs, 0 hits, 0 errors, 0 left on base; Albuquerque 1 - El Paso 1 |
TOP OF THE 4TH |
Albuquerque Dukes batting - Pitching for El Paso Sun Kings : RHP Grady Warren
|
Batting: RHB Mark Maher
|
0-0: SOLO HOME RUN (Flyball, 8RXD, EV 90.6 MPH), Distance : 420 ft
|
Batting: LHB John Elder
|
0-0: Called Strike 0-1: Ball 1-1: Called Strike 1-2: Ball 2-2: Ball 3-2: Base on Balls
|
Batting: RHB Kevin Harvey
|
0-0: Called Strike 0-1: Ball 1-1: DOUBLE (Line Drive, 78D, EV 110.6 MPH) John Elder to third
|
Batting: LHB Sal Rende
|
0-0: Ball 1-0: Called Strike 1-1: Ball 2-1: Foul Ball, location: 2F 2-2: Foul Ball, location: 2F 2-2: Ball 3-2: Foul Ball, location: 2F 3-2: Ground out 4-3 (Groundball, 4, EV 106.9 MPH) John Elder scores Kevin Harvey to third
|
Batting: LHB Andres Romero
|
0-0: Called Strike 0-1: Swinging Strike 0-2: Ball 1-2: Ball 2-2: Foul Ball, location: 2F 2-2: Fly out, F8 (Flyball, 78D, EV 93.1 MPH) Runner from 3rd tags up, SCORES, throw by CF
|
Batting: RHB Steven Patterson
|
0-0: Ball 1-0: Ball 2-0: Ball 3-0: Called Strike 3-1: Foul Ball, location: 2F 3-2: Foul Ball, location: 2F 3-2: Ground out 6-3 (Groundball, 6MD, EV 102.5 MPH)
|
Top of the 4th over - 3 runs, 2 hits, 0 errors, 0 left on base; Albuquerque 4 - El Paso 1 |
BOTTOM OF THE 4TH |
El Paso Sun Kings batting - Pitching for Albuquerque Dukes : LHP Craig Henderson
|
Batting: RHB Jimmy Waugh
|
0-0: Ball 1-0: Ground out 6-3 (Groundball, 6, EV 106.3 MPH)
|
Batting: RHB Jon Hansen
|
0-0: Swinging Strike 0-1: Swinging Strike 0-2: Ball 1-2: Ball 2-2: Foul Ball, location: 2F 2-2: Ball 3-2: Strikes out swinging
|
Batting: SHB Keith Thrower
|
0-0: Called Strike 0-1: Foul Ball, location: 2F 0-2: Ball 1-2: Ground out 5-3 (Groundball, 56, EV 100.6 MPH)
|
Bottom of the 4th over - 0 runs, 0 hits, 0 errors, 0 left on base; Albuquerque 4 - El Paso 1 |
TOP OF THE 5TH |
Albuquerque Dukes batting - Pitching for El Paso Sun Kings : RHP Grady Warren
|
Batting: LHB Dave Yobs
|
0-0: Ball 1-0: Ball 2-0: Called Strike 2-1: Foul Ball, location: 2F 2-2: Ball 3-2: SINGLE (Line Drive, 8LS, EV 101.3 MPH)
|
Batting: RHB James Oros
|
0-0: Ball 1-0: Swinging Strike 1-1: Ball 2-1: Ball 3-1: Grounds into double play, 6-4-3 (Groundball, 6, EV 80.0 MPH)
|
Batting: LHB Matthew Henderson
|
0-0: Called Strike 0-1: Foul Ball, location: 2F 0-2: Strikes out swinging
|
Top of the 5th over - 0 runs, 1 hit, 0 errors, 0 left on base; Albuquerque 4 - El Paso 1 |
BOTTOM OF THE 5TH |
El Paso Sun Kings batting - Pitching for Albuquerque Dukes : LHP Craig Henderson
|
Batting: RHB Michael Hanson
|
0-0: Called Strike 0-1: Swinging Strike 0-2: Strikes out looking
|
Batting: RHB Carlos Rios
|
0-0: Fly out, F6 (Line Drive, 6, EV 70.0 MPH)
|
Batting: RHB Christopher Hudson
|
0-0: Called Strike 0-1: Ball 1-1: Ground out 6-3 (Groundball, 6, EV 78.1 MPH)
|
Bottom of the 5th over - 0 runs, 0 hits, 0 errors, 0 left on base; Albuquerque 4 - El Paso 1 |
TOP OF THE 6TH |
Albuquerque Dukes batting - Pitching for El Paso Sun Kings : RHP Grady Warren
|
Batting: RHB Mark Maher
|
0-0: Ball 1-0: Ball 2-0: Ball 3-0: Called Strike 3-1: Foul Ball, location: 2F 3-2: Strikes out swinging
|
Batting: LHB John Elder
|
0-0: Swinging Strike 0-1: Swinging Strike 0-2: Strikes out swinging
|
Batting: RHB Kevin Harvey
|
0-0: Ball 1-0: Swinging Strike 1-1: Foul Ball, location: 2F 1-2: Strikes out swinging
|
Top of the 6th over - 0 runs, 0 hits, 0 errors, 0 left on base; Albuquerque 4 - El Paso 1 |
BOTTOM OF THE 6TH |
El Paso Sun Kings batting - Pitching for Albuquerque Dukes : LHP Craig Henderson
|
Batting: LHB Stanley Hendrickson
|
0-0: Called Strike 0-1: Ball 1-1: Reached on error, E8 (Flyball, 78S, EV 94.4 MPH)
|
Batting: RHB Danny Ramires
|
0-0: Ball 1-0: Called Strike 1-1: Bunted foul 1-2: SINGLE (Line Drive, 89M, EV 85.6 MPH) Stanley Hendrickson to second Runner from 2nd tries for 3rd, OUT! 9-5
|
Batting: RHB Chuckie Canady
|
0-0: Ball 1-0: Fly out, F8 (Flyball, 89XD, EV 105.0 MPH)
|
Batting: RHB Jimmy Waugh
|
0-0: Ball Pickoff Throw to First - Out! 1-3
|
Bottom of the 6th over - 0 runs, 1 hit, 1 error, 0 left on base; Albuquerque 4 - El Paso 1 |
TOP OF THE 7TH |
Albuquerque Dukes batting - Pitching for El Paso Sun Kings : RHP Grady Warren
|
Batting: LHB Sal Rende
|
0-0: Called Strike 0-1: Foul Ball, location: 2F 0-2: Fly out, F8 (Line Drive, 8LD, EV 91.3 MPH)
|
Batting: LHB Andres Romero
|
0-0: Called Strike 0-1: Ball 1-1: DOUBLE (Line Drive, 7LS, EV 96.3 MPH)
|
Pitching: RHP Charles Belk
|
|
Batting: RHB Steven Patterson
|
0-0: Ball 1-0: Ball 2-0: Ball 3-0: Base on Balls
|
Batting: LHB Dave Yobs
|
0-0: Called Strike 0-1: Ball 1-1: Ball 2-1: Ball 3-1: Called Strike 3-2: Foul Ball, location: 2F 3-2: Foul Ball, location: 2F 3-2: SINGLE (Flyball, 34D, EV 89.4 MPH) Andres Romero to third Steven Patterson to second
|
Batting: RHB James Oros
|
0-0: Ball 1-0: Fly out, F7 (Flyball, 7S, EV 83.8 MPH)
|
Batting: LHB Matthew Henderson
|
0-0: Called Strike 0-1: Called Strike 0-2: Ball 1-2: Ball 2-2: Foul Ball, location: 2F 2-2: Ball 3-2: Ground out 1-3 (Groundball, 13S, EV 66.9 MPH)
|
Top of the 7th over - 0 runs, 2 hits, 0 errors, 3 left on base; Albuquerque 4 - El Paso 1 |
BOTTOM OF THE 7TH |
El Paso Sun Kings batting - Pitching for Albuquerque Dukes : LHP Craig Henderson
|
Batting: RHB Jimmy Waugh
|
0-0: Called Strike 0-1: Called Strike 0-2: Ball 1-2: SINGLE (Flyball, 8RS, EV 90.6 MPH)
|
Batting: RHB Jon Hansen
|
0-0: Foul Ball, location: 2F 0-1: Ball 1-1: Ball 2-1: Grounds into double play, 4-6-3 (Groundball, 4, EV 80.6 MPH)
|
Batting: SHB Keith Thrower
|
0-0: Ball 1-0: Foul Ball, location: 2F 1-1: Ball 2-1: Foul Ball, location: 2F 2-2: Ground out 6-3 (Groundball, 6, EV 108.1 MPH)
|
Bottom of the 7th over - 0 runs, 1 hit, 0 errors, 0 left on base; Albuquerque 4 - El Paso 1 |
TOP OF THE 8TH |
Albuquerque Dukes batting - Pitching for El Paso Sun Kings : RHP Charles Belk
|
Batting: RHB Mark Maher
|
0-0: Foul Ball, location: 2F 0-1: Foul Ball, location: 2F 0-2: Ball 1-2: Strikes out swinging
|
Batting: LHB John Elder
|
0-0: Foul Ball, location: 2F 0-1: Foul Ball, location: 2F 0-2: Foul Ball, location: 2F 0-2: Foul Ball, location: 2F 0-2: Foul Ball, location: 2F 0-2: Ground out U3 (Groundball, 3, EV 83.8 MPH)
|
Batting: RHB Kevin Harvey
|
0-0: Swinging Strike 0-1: Ball 1-1: Foul Ball, location: 2F 1-2: Foul Ball, location: 2F 1-2: Fly out, F7 (Flyball, 7S, EV 89.4 MPH)
|
Top of the 8th over - 0 runs, 0 hits, 0 errors, 0 left on base; Albuquerque 4 - El Paso 1 |
BOTTOM OF THE 8TH |
El Paso Sun Kings batting - Pitching for Albuquerque Dukes : LHP Craig Henderson
|
Batting: RHB Michael Hanson
|
0-0: Ball 1-0: Foul Ball, location: 2F 1-1: Ball 2-1: Ball 3-1: Base on Balls
|
Batting: RHB Carlos Rios
|
0-0: Ball 1-0: Called Strike 1-1: Foul Ball, location: 2F 1-2: Ball 2-2: Ball Wild Pitch! Michael Hanson to second 3-2: Fly out, F8 (Line Drive, 8LM, EV 93.8 MPH)
|
Batting: RHB Christopher Hudson
|
0-0: Foul Ball, location: 2F 0-1: Foul Ball, location: 2F 0-2: SINGLE (Groundball, 6MD, EV 98.1 MPH) Michael Hanson to third Runner from 3rd tries for Home, SAFE, throw by CF to home
|
Batting: LHB Stanley Hendrickson
|
0-0: Foul Ball, location: 2F 0-1: Called Strike 0-2: Foul Ball, location: 2F 0-2: Ball 1-2: Ball 2-2: Ball 3-2: SINGLE (Groundball, 25, EV 71.9 MPH) (infield hit) Christopher Hudson to second
|
Batting: RHB Danny Ramires
|
0-0: Swinging Strike 0-1: Foul Ball, location: 2F 0-2: Strikes out swinging
|
Batting: RHB Chuckie Canady
|
0-0: Foul Ball, location: 2F 0-1: Ball 1-1: Ball 2-1: Swinging Strike 2-2: Fielders Choice at 2nd, 6-4 (Groundball, 56, EV 86.3 MPH)
|
Bottom of the 8th over - 1 run, 2 hits, 0 errors, 2 left on base; Albuquerque 4 - El Paso 2 |
TOP OF THE 9TH |
Albuquerque Dukes batting - Pitching for El Paso Sun Kings : RHP Charles Belk
|
Pitching: LHP Michael Shoaf
|
|
Batting: LHB Sal Rende
|
0-0: Foul Ball, location: 2F 0-1: Ball 1-1: Fly out, F7 (Flyball, 7, EV 85.6 MPH)
|
Batting: LHB Andres Romero
|
0-0: Ball 1-0: Called Strike 1-1: Ball 2-1: Ball 3-1: Fly out, F8 (Flyball, 78M, EV 90.0 MPH)
|
Batting: RHB Steven Patterson
|
0-0: Ball 1-0: Called Strike 1-1: Ball 2-1: Foul Ball, location: 2F 2-2: Foul Ball, location: 2F 2-2: Ball 3-2: Foul Ball, location: 2F 3-2: Foul Ball, location: 2F 3-2: Foul Ball, location: 2F 3-2: Ground out 5-3 (Groundball, 5L, EV 99.4 MPH)
|
Top of the 9th over - 0 runs, 0 hits, 0 errors, 0 left on base; Albuquerque 4 - El Paso 2 |
BOTTOM OF THE 9TH |
El Paso Sun Kings batting - Pitching for Albuquerque Dukes : LHP Craig Henderson
|
Pitching: RHP James Quinn
|
|
Batting: RHB Jimmy Waugh
|
0-0: Ball 1-0: SINGLE (Groundball, 56S, EV 69.4 MPH) (infield hit)
|
Pinch Hitting: LHB Kevin Knuth
|
0-0: Called Strike 0-1: Ball 1-1: Called Strike 1-2: Strikes out swinging
|
Batting: SHB Keith Thrower
|
0-0: Called Strike 0-1: Swinging Strike 0-2: Fielders Choice at 2nd, 4-6 (Groundball, 4S, EV 81.9 MPH)
|
Batting: RHB Michael Hanson
|
0-0: Ball 1-0: Ball 2-0: Foul Ball, location: 2F 2-1: Foul Ball, location: 2F 2-2: Ball 3-2: Strikes out looking
|
Bottom of the 9th over - 0 runs, 1 hit, 0 errors, 1 left on base; Albuquerque 4 - El Paso 2 |
|